 Dungeon Sprint DCSS version 0.22-a0-142-g91cc6d7 (webtiles) character file.

114 esc the Covert (level 4, -2/22 HPs)
             Began as a Spriggan Assassin on Feb 5, 2018.
             Was an Initiate of Dithmenos.
             Splashed by an oklob sapling wizard's acid (13 damage)
             ... in the Dungeon (Sprint IV: "Fedhas' Mad Dash").
             The game lasted 00:00:49 (58 turns).

esc the Covert (Spriggan Assassin)                    Turns: 58, Time: 00:00:50

Health: -2/22      AC:  3    Str:  7    XL:     4   Next: 66%
Magic:  5/5        EV: 17    Int: 12    God:    Dithmenos [......]
Gold:   45         SH:  0    Dex: 18    Spells: 3/3 levels left

rFire    . . .     SeeInvis +   a - +2 dagger
rCold    . . .     Gourm    .   (shield restricted)
rNeg     . . .     Faith    .   c - +0 robe
rPois    .         Spirit   .   (helmet restricted)
rElec    .         Reflect  .   d - +0 cloak
rCorr    .         Harm     .   (gloves unavailable)
MR       .....     NoTele   +   (boots unavailable)
Stlth    ++++++....             n - amulet of invisibility {+Inv}
HPRegen  0.07/turn              (no ring)
MPRegen  0.09/turn              (no ring)

@: very quick
A: very small, unfitting armour, see invisible, herbivore, speed 3, slow
metabolism 2
a: Renounce Religion, Evoke Invisibility


You were in the Dungeon.
You worshipped Dithmenos.
Dithmenos was noncommittal.
You were not hungry.

You visited 1 branch You collected 45 gold pieces.

Inventory:

Hand Weapons
 a - a +2 dagger (weapon)
 b - a +0 blowgun
Missiles
 e - 8 poisoned needles
 f - 2 curare-tipped needles
Armour
 c - a +0 robe (worn)
 d - a +0 cloak (worn)
Jewellery
 n - the amulet of invisibility (around neck) {+Inv}
   (You found it in the Dungeon)

   [amulet of nothing]

   It lets you turn invisible.
Scrolls
 m - a scroll of blinking {!r}
Potions
 h - a potion of curing
 i - a potion of heal wounds
 j - a potion of haste
 k - 2 potions of magic
 l - a potion of berserk rage {!q}
 o - a potion of might {unknown}
Comestibles
 g - 2 rations


   Skills:
 - Level 1.5 Fighting
 - Level 2.1 Short Blades
 - Level 2.0 Throwing
 - Level 1.5 Dodging
 + Level 14.7 Stealth


You had 3 spell levels left.
You didn't know any spells.

Dungeon Overview and Level Annotations

Branches:
Dungeon (1/1)

Altars:
Cheibriados
Dithmenos
Elyvilon
Gozag
Hepliaklqana
Kikubaaqudgha
Makhleb
Nemelex Xobeh
Okawaru
Qazlal
Ru
Sif Muna
Trog
Uskayaw
Vehumet
Wu Jian
Xom
Yredelemnul
Zin
The Shining One
Beogh
Jiyva
Lugonu

Annotations:
D exclusion: oklob sapling


Innate Abilities, Weirdness & Mutations

You are very small and have problems with some larger weapons.
You are too small for most types of armour.
You have supernaturally acute eyesight. (SInv)
You are a herbivore.
You cover ground extremely quickly.
You need consume almost no food.


Message History

Welcome, esc the Spriggan Assassin.
Found a staircase leading out of the dungeon.
You open the door.
A rat and a river rat come into view.
There is an open door here.
You see here a dagger.
The helpless river rat fails to defend itself.
You impale the river rat!!
You kill the river rat!
Your Stealth skill gained 3 levels and is now at level 8!
You have reached level 2!
Health restored: 14; MP restored: 3 The helpless rat fails to defend itself.
You skewer the rat like a kebab!!!
You kill the rat!
You see here a dagger.
Wield which item (- for none, * to show all)? (? for menu, Esc to quit)
Okay, then.
You open the door.
An oklob sapling comes into view.
There is an open door here.
The helpless oklob sapling fails to defend itself.
You skewer the oklob sapling like a kebab!!!
You destroy the oklob sapling!
Your Stealth skill gained 3 levels and is now at level 11!
You have reached level 3!
Your experience leads to an increase in your attributes!
Increase (S)trength, (I)ntelligence, or (D)exterity?
You feel agile.
Health restored: 18; MP restored: 4 A worker ant comes into view.
You see here 6 gold pieces.
You see here a ration.
The helpless worker ant fails to defend itself.
You perforate the worker ant like a sieve!!!
You kill the worker ant!
Your Stealth skill increases to level 12!
n - the amulet of invisibility {+Inv}
g - 2 rations (gained 1)
You now have 6 gold pieces.
You now have 14 gold pieces (gained 8).
You now have 28 gold pieces (gained 14).
You now have 45 gold pieces (gained 17).
o - a murky cyan potion Wear which item? (? for menu, Esc to quit)
Okay, then.
Put on which piece of jewellery? (? for menu, Esc to quit)
n - the amulet of invisibility (around neck) {+Inv} You open the door.
Found ten altars.
An oklob sapling priest comes into view.
Found three altars.
There is an open door here.
Found three altars.
Found two altars.
Found three altars.
There is an opulent altar of Gozag here.
Found a corrupted altar of Lugonu and a radiant altar of Vehumet.
There is a hazy altar of Hepliaklqana here.
The helpless oklob sapling priest fails to defend itself.
You stick the oklob sapling priest like a pincushion!!!
You destroy the oklob sapling priest!
Your Stealth skill gained 2 levels and is now at level 14!
You have reached level 4!
Health restored: 22; MP restored: 5 Unknown command.
A shadowy altar of Dithmenos.
There is a viscous altar of Jiyva here.
There is a shadowy altar of Dithmenos here.
You kneel at the altar of Dithmenos.
Dithmenos welcomes you!
There is an ancient bone altar of Kikubaaqudgha here.
There is a corrupted altar of Lugonu here.
You open the door.
An oklob sapling wizard comes into view.
Unknown command.
There is an open door here.
The oklob sapling wizard spits acid at you.
The splash of acid hits you!
Ouch! That really hurt!
You are splashed with acid!
The acid burns!
Ouch! That really hurt!
You die...

###################
.#.⌠._._._._.⌠.#.)+
.'.._._._._._..'@P#
.#..._._._._...#..#
##.._._._._._..#./#
#._._._._._.⌠.####
###############


You could see an oklob sapling wizard.

Vanquished Creatures
  2 oklob saplings (D)
  A worker ant (D)
  A river rat (D)
  A rat (D)
5 creatures vanquished.

Notes
Turn   | Place    | Note
-------+----------+-------------------------------------------
     0 | D        | esc the Spriggan Assassin began the quest for the Orb.
     0 | D        | Reached XP level 1. HP: 10/10 MP: 2/2
     8 | D        | Reached skill level 8 in Stealth
     8 | D        | Reached XP level 2. HP: 14/14 MP: 3/3
    16 | D        | Noticed an oklob sapling
    18 | D        | Killed an oklob sapling
    18 | D        | Reached skill level 11 in Stealth
    18 | D        | Reached XP level 3. HP: 18/18 MP: 4/4
    21 | D        | Found the amulet of invisibility {+Inv}
    22 | D        | Reached skill level 12 in Stealth
    39 | D        | Found an opulent altar of Gozag.
    39 | D        | Found a hazy altar of Hepliaklqana.
    39 | D        | Found a burning altar of Makhleb.
    39 | D        | Found a roughly hewn altar of Beogh.
    39 | D        | Found a sparkling altar of Nemelex Xobeh.
    39 | D        | Found a snail-covered altar of Cheibriados.
    39 | D        | Found a sacrificial altar of Ru.
    39 | D        | Found a deep blue altar of Sif Muna.
    39 | D        | Found a shimmering altar of Xom.
    39 | D        | Found a basalt altar of Yredelemnul.
    40 | D        | Found a viscous altar of Jiyva.
    40 | D        | Found a bloodstained altar of Trog.
    40 | D        | Found an ornate altar of the Wu Jian Council.
    40 | D        | Noticed an oklob sapling priest
    41 | D        | Found an iron altar of Okawaru.
    41 | D        | Found a shadowy altar of Dithmenos.
    41 | D        | Found a glowing silver altar of Zin.
    42 | D        | Found an ancient bone altar of Kikubaaqudgha.
    42 | D        | Found a hide-covered altar of Uskayaw.
    43 | D        | Found a stormy altar of Qazlal.
    43 | D        | Found a white marble altar of Elyvilon.
    43 | D        | Found a glowing golden altar of the Shining One.
    44 | D        | Found a corrupted altar of Lugonu.
    44 | D        | Found a radiant altar of Vehumet.
    47 | D        | Killed an oklob sapling priest
    47 | D        | Reached skill level 14 in Stealth
    47 | D        | Reached XP level 4. HP: 22/22 MP: 5/5
    50 | D        | Became a worshipper of Dithmenos the Shadowed
    58 | D        | Splashed by an oklob sapling wizard's acid

Vault maps used:
D:        dungeon_sprint_fedhas

Skill      XL: |  1  2  3 |
---------------+----------+-----
Stealth        | 8 11 14 | 14.7
Fighting       | |  1.5
Short Blades   | |  2.1
Throwing       | |  2.0
Dodging        | |  1.5

Action                   |  1- 3 |  4- 6 || total
-------------------------+-------+-------++-------
Melee: Dagger            |     5 |       ||     5
 Stab: Sleeping          |     5 |       ||     5

Table legend:
 A = Spawn XP
 B = Non-spawn XP
 C = Spawn XP percentage of total XP
 D = Spawn monster count
 E = Non-spawn monster count
 F = Spawn count percentage of total count
 G = Total turns spent on level
                    A         B        C        D         E        F      G
               +---------+---------+-------+---------+---------+-------+---------
         Total |       0 |     163 |   0.0 |       0 |       5 |   0.0 |    58
               +---------+---------+-------+---------+---------+-------+---------
             D |       0 |     163 |   0.0 |       0 |       5 |   0.0 |    58
               +---------+---------+-------+---------+---------+-------+---------

Vault maps used:
D:        dungeon_sprint_fedhas

Table legend:
 A = Turns spent in this place as a percentage of turns spent in the entire game.
 B = Non-inter-level travel turns spent in this place as a percentage of non-inter-level travel turns spent in the entire game.
 C = Inter-level travel turns spent in this place as a percentage of turns spent in this place.
 D = Turns resting spent in this place as a percentage of non-inter-level travel turns spent in this place.
 E = Turns spent auto-exploring this place as a percentage of non-inter-level travel turns spent in this place.
 F = Non-inter-level travel turns spent in this place divided by the number of levels of this place that you've seen.
                   A       B       C       D       E      F
               +-------+-------+-------+-------+-------+----------------------
         Total | 100.0 | 100.0 |   0.0 |   0.0 |   0.0 |  58.0
       Dungeon | 100.0 | 100.0 |   0.0 |   0.0 |   0.0 |  58.0
               +-------+-------+-------+-------+-------+----------------------

Table legend:
 A = Kills in this place as a percentage of kills in entire the game.
 B = Kills by you in this place as a percentage of kills by you in the entire game.
 C = Kills by friends in this place as a percentage of kills by friends in the entire game.
 D = Other kills in this place as a percentage of other kills in the entire game.
 E = Experience gained in this place as a percentage of experience gained in the entire game.
 F = Experience gained in this place divided by the number of levels of this place that you have seen.
                   A       B       C       D       E      F
               +-------+-------+-------+-------+-------+----------------------
         Total | 100.0 | 100.0 |   N/A |   N/A | 100.0 | 163.0
       Dungeon | 100.0 | 100.0 |   N/A |   N/A | 100.0 | 163.0
               +-------+-------+-------+-------+-------+----------------------
